Description

New Replay: 11th of June 2020 (Patch 4.12.0)

Harstem explains this BO (Build Order) in much detail. He saw this BO in 2020 GSL S1 (Round Of Eight), where PartinG knocked out Maru.

Harstem explains Timings and Benchmarks of this build. Your main goal is to hit

41 Probe, 11 Stalkers, 1 Observer, 1 Prism, 1 Adept

at 5:07.

Depending on the map, your attack hits at 5:30.

Walling On The New Maps - powered by Harstem

VOD

https://youtu.be/PmSrYtYGqdw

Replay - PartinG's 4Gate (Harstem's Guide, New Patch)

Build Order

Get SALT Encoding   

  14  0:17  Pylon  Harstem builds a Reaper-Wall behind his Mineral-Line.
  15  0:35   Gateway  One CB (Chrono Boost) on your Probes
  16  0:47  Assimilator  
  20  1:24  Cybernetics Core  Adept (1:57), Warp Gate, Stalker (2:17), Stalker (2:39)
  20  1:35  Nexus  
  20  1:40  Pylon  On the low ground (most of the time). E. g. Wall vs Hellions
  21  1:49  Assimilator  
  28  2:32  Twilight Council  Save CB for Blink
  34  2:59  Robotics Facility  
  38  3:21  Blink (Chrono Boost)  Use all CB for Blink and one for your Prism
  38  3:23  Gateway  Short Probe-Cut to build these two Gates
  38  3:25  Gateway  Resume Probe-Prod after Blink and two Gates started
  40  3:39  Gateway  
  41  3:47  Observer  @100% Robo: Observer
  49  4:09  Warp Prism  @100% Observer: Prism
  55  4:31  Assimilator  
Spawning Tool Build Advisor. Get it on Overwolf

Analysis

Harstem vs HeroMarine: Harstem explains Micro and Decision Making.

Your first CB (Chrono Boost) is used for Probes. The rest is used for Blink and your Prism.

Most of the time a Reaper will jump into your base at around ~2:23. Your Adept should intercept it. Then your first shade is onto the Reaper, and your second shade moves towards your opponent (for Scouting).

Your Stalker should defend the Reaper, while you are scouting the front and executing your build.

If you kill the Reaper you can move across the map with one Adept and two Stalkers. But watch out for any drops entering your base at the 4-minute-mark. Harstem tries to spot the with Stalkers, which are located in key positions on the map.

Go to:

Details

  • Created by: NeoBlade     
  • Published on: Jun 06, 2020
  • Modified on: Jun 11, 2020
  • Patch: 4.11.0
  • Difficulty: Hard
Show
View Real Time Build Order
Export as new Build Order

Comments (2)

On Oct. 16, 2022, 9:41 a.m., SleepingSentry  said:

Please include when to build units. Most other builds on here do this, I ended up just making what I thought I should and didn't have near enough when I should have. Thank you very much!

On July 22, 2020, 9:15 p.m., Gamerdevotee  said:

you forgot the 40 pylon

Create an account to comment!